 Dungeon Crawl Stone Soup version 0.32-a0-290-g598725c5f2 (webtiles) character file.

Game seed: 849147152091833014

14632 Newt the Fighter (level 11, -2/93 HPs)
             Began as a Demonspawn Gladiator on Feb 13, 2024.
             Was the Champion of Okawaru.
             Killed from afar by a fire giant (51 damage)
             ... with a fireball
             ... on level 11 of the Dungeon.
             The game lasted 00:18:51 (14077 turns).

Newt the Fighter (Demonspawn Gladiator)            Turns: 14077, Time: 00:18:51

Health: -2/93      AC: 34    Str: 22    XL:     11   Next: 91%
Magic:  11/11      EV: 11    Int: 12    God:    Okawaru [******]
Gold:   421        SH:  0    Dex: 14    Spells: 9/10 levels left

rFire   x . .        a - +6 great mace (drain)
rCold   . . .        (shield currently unavailable)
rNeg    . . .        b - +8 orange crystal plate armour {Archmagi, Int+3 Clar}
rPois   .            U - +2 hat "Umautaifoesk" {rElec rF- Will+++ Str+3}
rElec   +            K - +0 cloak
rCorr   .            (no gloves)
SInv    +            X - +0 pair of boots {Stlth+}
Will    +++..        h - amulet of faith
Stlth   x              - ring of see invisible
HPRegen 0.35/turn    W - +5 ring of evasion
MPRegen 0.12/turn

%: clarity, faith, archmagi
@: about to teleport
A: claws 1, sharp scales 3, demonic magic 1
a: Renounce Religion, Heroism, Finesse, Duel


You were on level 11 of the Dungeon.
You worshipped Okawaru.
Okawaru was exalted by your worship.
You visited 2 branches of the dungeon, and saw 12 of its levels.
You also visited: Sewer.

You collected 619 gold pieces.
You spent 198 gold pieces at shops.

Inventory:

Hand Weapons
 a - a +6 great mace of draining (weapon)
 G - a +4 morningstar of flaming
Missiles
 e - a javelin
 o - 8 boomerangs
 p - 51 poisoned darts (quivered)
 O - 3 curare-tipped darts
Armour
 b - the +8 orange crystal plate armour (worn) {Archmagi, Int+3 Clar}
   (Okawaru gifted it to you on level 11 of the Dungeon)

   Int+3:     It affects your intelligence (+3).
   Clar:      It protects you from confusion, rage, mesmerisation and fear.
 K - a +0 cloak (worn)
 U - the +2 hat "Umautaifoesk" (worn) {rElec rF- Will+++ Str+3}
   (You found it on level 10 of the Dungeon)

   Str+3:     It affects your strength (+3).
   rF-:       It makes you vulnerable to fire.
   rElec:     It insulates you from electricity.
   Will+++:   It greatly increases your willpower.
 X - a +0 pair of boots of stealth (worn)
 Y - the +2 ring mail of Wu Jian, Shimmering {rElec rPois Will- Regen+}
   (You found it on level 10 of the Dungeon)

   rElec:     It insulates you from electricity.
   rPois:     It protects you from poison Will-: It decreases your willpower.
   Regen+:    It increases your rate of health regeneration.
Jewellery
 h - an amulet of faith (around neck)
 k - a ring of flight
 x - a ring of see invisible (left claw)
 W - a +5 ring of evasion (right claw)
Wands
 d - a wand of flame (47)
Scrolls
 g - 2 scrolls of immolation
 l - 2 scrolls of revelation
 m - 4 scrolls of teleportation
 q - a scroll of amnesia
 r - 3 scrolls of poison
 u - 2 scrolls of vulnerability
 w - a scroll of noise
 y - 2 scrolls of identify
 z - a scroll of fog
 B - a scroll of brand weapon
 J - a scroll of acquirement {unknown}
 P - a scroll of blinking {unknown}
 Q - a scroll of enchant weapon {unknown}
 S - 2 scrolls of silence
Potions
 f - 2 potions of curing
 i - 2 potions of berserk rage {unknown}
 j - 2 potions of mutation
 s - 2 potions of lignification
 v - a potion of enlightenment
 A - a potion of brilliance
 D - 2 potions of resistance {unknown}
 E - a potion of degeneration {unknown}
 F - a potion of haste
 L - a potion of invisibility {unknown}
 N - a potion of might {unknown}
 R - a potion of magic {unknown}
 V - a potion of attraction {unknown}


   Skills:
 + Level 11.5 Fighting
 - Level 9.1 Maces & Flails
 - Level 6.3 Throwing
 * Level 7.4 Armour
 - Level 6.2 Dodging
 - Level 4.3 Necromancy


You had 9 spell levels left.
You knew the following spells:

 Your Spells              Type           Power      Damage    Failure   Level
a - Necrotise             Necr           60%        1d7       99%         1

Your spell library contained the following spells:

 Spells                   Type           Power      Damage    Failure   Level
 Apportation              Tloc           0%         N/A       100%        1
 Magic Dart               Conj           0%         1d3       100%        1
 Sting                    Conj/Alch      0%         1d3       100%        1
 Blink                    Tloc           0%         N/A       100%        2
 Lesser Beckoning         Tloc           0%         N/A       100%        2
 Mercury Vapours          Alch/Air       0%         N/A       100%        2
 Frozen Ramparts          Ice            0%         1d1       100%        3
 Gell's Gravitas          Tloc           0%         N/A       100%        3
 Inner Flame              Hex/Fire       0%         N/A       100%        3
 Mephitic Cloud           Conj/Alch/Air  0%         N/A       100%        3
 Teleport Other           Tloc           0%         N/A       100%        3
 Flame Wave               Conj/Fire      0%         2d4       100%        4
 Leda's Liquefaction      Alch/Erth      0%         N/A       100%        4
 Petrify                  Alch/Erth      0%         N/A       100%        4
 Sticky Flame             Fire/Alch      0%         2d4       100%        4
 Freezing Cloud           Conj/Ice/Air   0%         6-21      100%        5
 Metabolic Englaciation   Hex/Ice        0%         N/A       100%        5
 Summon Small Mammal      Summ           Unusable   N/A       N/A         1
 Call Imp                 Summ           Unusable   N/A       N/A         2

Dungeon Overview and Level Annotations

Branches:
Dungeon (11/15)            Temple (1/1) D:5            Lair (0/5) D:10
  Sewer (visited)
    Orc: D:9-12

Altars:
Ashenzari
Cheibriados
Dithmenos
Fedhas
Gozag
Hepliaklqana
Kikubaaqudgha
Makhleb
Nemelex Xobeh
Okawaru
Qazlal
Ru
Sif Muna
Trog
Uskayaw
Vehumet
Wu Jian
Xom
Yredelemnul

Shops:
D:4 !

Annotations:
D:11 3 runed translucent doors, Azoth's ghost, journeyman HuHu


Innate Abilities, Weirdness & Mutations

You have sharp fingernails.
You are completely covered in razor-sharp scales. (AC +3, Slay +3)
Spells you cast may paralyse adjacent enemies.


Message History

A two-headed ogre comes into view. It is wielding two +0 giant clubs.
There are monsters nearby!
There are monsters nearby!
Unknown command.
The two-headed ogre shouts in stereo!
Okay, then.
Throw: 52 darts (poison)
Press: ? - help, Q - select action, (/) - cycle Shift-Dir - straight line, f - fire giant
Aim: a fire giant, wielding a +2 great sword of flaming (85% to hit)
You throw a poisoned dart.
The poisoned dart barely misses the fire giant.
Unknown command.
That's the wrong kind of item! (Use * to select it.) Fire/throw/use which item? ([*] to toss any item) (? for menu, Esc to quit)
Okay, then.
Throw: 2 darts (atropa)
Press: ? - help, Shift-Dir - straight line, f/p - fire giant
Aim: a fire giant, wielding a +2 great sword of flaming (85% to hit, chance to blind on hit: 0%)
You throw an atropa-tipped dart.
The atropa-tipped dart hits the fire giant.
The fire giant resists.
The fire giant gestures at you while chanting.
The fireball explodes!
The fireball engulfs you!!! The fire burns you terribly!
Throw: dart (atropa)
Press: ? - help, Shift-Dir - straight line, f/p - fire giant
Aim: a fire giant, wielding a +2 great sword of flaming (85% to hit, chance to blind on hit: 0%)
You throw an atropa-tipped dart.
The atropa-tipped dart hits the fire giant.
The fire giant resists.
Unknown command.
Okay, then.
As you read the scroll of teleportation, it crumbles to dust.
You feel strangely unstable.
The fire giant points at you and mumbles some strange words.
The bolt of fire misses you.
Unknown command.
The fire giant gestures at you while chanting.
The fireball explodes!
The fireball engulfs you!!! The fire burns you terribly!
Ouch! That really hurt!
You die...

#.#..)..'..###...#
#.#.....#....##...
#.##...##'##..##..
#..#####...##..#..
#.....#.)...#..#..
#....('.....#.....
#.....#..†..#..#..
#..#####...##..#..
#@##...##'##...##.
#.#.....#.......##
#.#...(."..###...#
#C#...####...##...
#O##..'†.###..##..
#..####....##..#..
#... #.....#..#..
#....##...#.##...#
#(.###...##..#...#


You could see a fire giant and a two-headed ogre.

Vanquished Creatures
  Snorg (D:10)
  A centaur warrior (D:11)
  2 two-headed ogres
  A deep troll (D:11)
  2 deep elf zephyrmancers
  A phantasmal warrior (D:11)
  A deep elf pyromancer (D:10)
  2 cyclopes (D:11)
  Maurice (D:7)
  Maggie (D:8)
  A gargoyle (D:11)
  Jeremiah (D:7)
  An unseen horror (D:11)
  A kobold demonologist (Arena)
  A tengu conjurer (D:11)
  A hornet (D:9)
  Prince Ribbit (D:7)
  3 yaks
  2 wraiths (D:10)
  A basilisk (D:11)
  6 vampire mosquitoes
  Menkaure (D:4)
  2 acid dragons
  2 water moccasins
  An orc warrior (D:10)
  A swamp drake (D:10)
  2 sky beasts
  A laughing skull (D:11)
  2 ice beasts
  3 black bears
  3 ogres
  3 centaurs
  6 kobold brigands
  A brain worm (Sewer)
  4 bullfrogs
  A scorpion (D:5)
  15 wights
  9 killer bees
  A howler monkey (D:4)
  A crimson imp (D:10)
  2 bombardier beetles
  A jelly (D:8)
  3 orc priests
  A gnoll bouda (D:6)
  5 hounds
  An iron imp (D:10)
  3 iguanas
  3 sleepcaps
  Natasha (D:1)
  8 orc wizards
  9 gnolls
  8 adders
  3 river rats
  3 shadow imps
  3 white imps
  2 ufetubi (D:5)
  4 ribbon worms
  5 dart slugs
  36 orcs
  11 ball pythons
  8 endoplasms
  6 giant cockroaches
  5 goblins
  6 hobgoblins
  15 jackals
  A quokka (D:3)
  7 bats
  2 frilled lizards
  18 kobolds
  9 rats
280 creatures vanquished.

Notes
Turn   | Place    | Note
-------+----------+-------------------------------------------
     0 | D:1      | Newt the Demonspawn Gladiator began the quest for the Orb.
     0 | D:1      | Reached XP level 1. HP: 16/16 MP: 1/1
    56 | D:1      | Gained mutation: You are partially covered in razor-sharp
                  | scales. (AC +1, Slay +1) [demonic ancestry]
    56 | D:1      | Reached XP level 2. HP: 15/22 MP: 2/2
   136 | D:1      | Reached XP level 3. HP: 27/28 MP: 3/3
  1007 | D:2      | Reached skill level 3 in Fighting
  1007 | D:2      | Reached XP level 4. HP: 35/35 MP: 4/4
  1229 | D:2      | HP: 1/35 [gnoll/+0 halberd (11)]
  1781 | D:2      | Noticed Natasha
  2106 | D:1      | Killed Natasha
  2107 | D:1      | Gained mutation: Spells you cast may paralyse adjacent
                  | enemies. [demonic ancestry]
  2107 | D:1      | Reached XP level 5. HP: 26/41 MP: 5/5
  3014 | D:3      | Noticed a black bear
  3062 | D:3      | Found a shimmering blue altar of Sif Muna.
  3121 | D:3      | Reached skill level 5 in Maces & Flails
  3191 | D:3      | Found a glowing drain.
  3314 | Sewer    | Entered a sewer
  3415 | Sewer    | Reached XP level 6. HP: 43/48 MP: 6/6
  3469 | Sewer    | Reached skill level 4 in Fighting
  4396 | D:3      | Gained mutation: You are mostly covered in razor-sharp
                  | scales. (AC +2, Slay +2) [demonic ancestry]
  4396 | D:3      | Reached XP level 7. HP: 48/55 MP: 7/7
  4486 | D:4      | Noticed Menkaure
  4501 | D:4      | Killed Menkaure
  4502 | D:4      | Reached skill level 5 in Fighting
  4679 | D:4      | Found a sparkling altar of Nemelex Xobeh.
  4932 | D:4      | Found Jileatoc's Distillery.
  4977 | D:4      | Bought a potion of heal wounds for 55 gold pieces
  4977 | D:4      | Bought a potion of mutation for 88 gold pieces
  4977 | D:4      | Bought a potion of enlightenment for 55 gold pieces
  5084 | D:5      | Entered Level 5 of the Dungeon
  5206 | D:5      | Reached XP level 8. HP: 64/64 MP: 8/8
  5507 | D:5      | Reached skill level 6 in Fighting
  6125 | D:5      | Found a staircase to the Ecumenical Temple.
  6188 | Temple   | Entered the Ecumenical Temple
  6202 | Temple   | Became a worshipper of Warmaster Okawaru
  6501 | D:6      | Reached skill level 7 in Fighting
  6501 | D:6      | Reached skill level 5 in Dodging
  6703 | D:6      | Reached XP level 9. HP: 67/72 MP: 9/9
  6820 | D:6      | Reached * piety under Okawaru
  7516 | D:6      | Reached skill level 1 in Armour
  7705 | D:7      | Noticed Prince Ribbit
  7720 | D:7      | Killed Prince Ribbit
  7906 | D:7      | Noticed Maurice
  7928 | D:7      | Maurice stole a javelin
  7934 | D:7      | Maurice stole a +0 flail
  7938 | D:7      | Maurice stole 150 gold
  7957 | D:7      | Killed Maurice
  7957 | D:7      | Reached ** piety under Okawaru
  7958 | D:7      | Reached skill level 8 in Fighting
  8749 | D:7      | Found a hazy altar of Hepliaklqana.
  8783 | D:7      | Noticed Jeremiah
  8829 | D:7      | Killed Jeremiah
  8829 | D:7      | Reached *** piety under Okawaru
  8830 | D:7      | Reached skill level 5 in Armour
  8830 | D:7      | Gained mutation: You are completely covered in razor-sharp
                  | scales. (AC +3, Slay +3) [demonic ancestry]
  8830 | D:7      | Reached XP level 10. HP: 46/76 MP: 10/10
  9259 | D:7      | Found a snail-covered altar of Cheibriados.
  9390 | D:8      | Noticed a two-headed ogre
  9397 | D:8      | Killed a two-headed ogre
  9397 | D:8      | Reached **** piety under Okawaru
  9398 | D:8      | Reached skill level 9 in Fighting
  9433 | D:8      | Noticed Maggie
  9450 | D:8      | Killed Maggie
  9451 | D:8      | Reached skill level 1 in Necromancy
  9668 | D:8      | Learned a level 1 spell: Necrotise
  9893 | D:8      | Found an ornate altar of the Wu Jian Council.
 11126 | D:9      | Noticed a two-headed ogre
 11139 | D:9      | Killed a two-headed ogre
 11139 | D:9      | Reached ***** piety under Okawaru
 11529 | D:9      | Found a burning altar of Makhleb.
 11652 | D:10     | Entered Level 10 of the Dungeon
 11662 | D:10     | Reached skill level 10 in Fighting
 11929 | D:10     | Noticed a deep elf pyromancer
 11935 | D:10     | Killed a deep elf pyromancer
 11936 | D:10     | Gained mutation: You have sharp fingernails. [demonic
                  | ancestry]
 11936 | D:10     | Reached XP level 11. HP: 90/91 MP: 8/11
 11962 | D:10     | Noticed a deep elf zephyrmancer
 11967 | D:10     | Killed a deep elf zephyrmancer
 11968 | D:10     | Reached skill level 5 in Throwing
 11968 | D:10     | Identified the +2 hat "Umautaifoesk" {rElec rF- Will+++
                  | Str+3}
 12082 | D:10     | Found a broken altar of Ashenzari.
 12559 | Arena    | Entered the Arena
 12563 | Arena    | Noticed a sun demon
 13010 | D:10     | Noticed Snorg
 13026 | D:10     | Killed Snorg
 13241 | D:10     | Found a staircase to the Lair.
 13476 | D:10     | Identified the +2 ring mail of Wu Jian, Shimmering {rElec
                  | rPois Will- Regen+}
 13637 | D:11     | Found a runed translucent gate.
 13638 | D:11     | Found a runed translucent gate.
 13639 | D:11     | Found a runed translucent gate.
 13639 | D:11     | Noticed Azoth's ghost (journeyman HuHu)
 13686 | D:11     | Reached ****** piety under Okawaru
 13695 | D:11     | Reached skill level 11 in Fighting
 13727 | D:11     | Received a gift from Okawaru
 13729 | D:11     | Acquired a +6 great mace of draining
 13729 | D:11     | Received a gift from Okawaru
 13743 | D:11     | Acquired the +8 orange crystal plate armour {Archmagi,
                  | Int+3 Clar}
 13743 | D:11     | Received a gift from Okawaru
 13743 | D:11     | Found the +8 orange crystal plate armour {Archmagi, Int+3
                  | Clar}
 13763 | D:11     | Noticed a deep troll
 13772 | D:11     | Killed a deep troll
 13968 | D:11     | Noticed a centaur warrior
 13979 | D:11     | Killed a centaur warrior
 13986 | D:11     | Noticed a phantasmal warrior
 13990 | D:11     | Killed a phantasmal warrior
 14017 | D:11     | Identified the staff of Offence {MP+9 Int+4 Stlth+ Conj}
 14036 | D:11     | Noticed a deep elf zephyrmancer
 14040 | D:11     | Killed a deep elf zephyrmancer
 14070 | D:11     | Noticed a fire giant
 14070 | D:11     | Noticed a two-headed ogre
 14077 | D:11     | Killed from afar by a fire giant

Illustrated notes

Levels and vault maps discovered:
D:1:      pf_arrival_petrified_forest, layout_basic, nicolae_eternal_life
D:2:      layout_basic, chequers_big_river, uniq_natasha
D:3:      layout_rooms, nicolae_sif_muna_condensation, portal_sewer_entry_a,
          serial_park_tiny_1, lightli_corner_chamber
D:4:      layout_rooms, gammafunk_temple_overflow_pools, serial_shops, shop,
          uniq_menkaure
D:5:      layout_basic, temple_statues
D:6:      nicolae_cairo_tiling_large, layout_loops_ring,
          eino_small_chamber_without_monster
D:7:      layout_rooms, cheibrodos_worm_habitat,
          nicolae_hepliaklqana_hazy_memory,
          serial_library_hellmonk_reading_circle, uniq_prince_ribbit1,
          uniq_jeremiah, uniq_maurice
D:8:      layout_gridville, old_standard_altar, nicolae_overflow_hidden_temple,
          minmay_misc_feat_nine_boxes, nicolae_fountain_basement, uniq_maggie
D:9:      layout_loops_cross, mainiacjoe_overflow_alcove_4
D:10:     minmay_weird_star, layout_cave_pools, lemuel_tele_altar,
          hangedman_minor_magic, uniq_snorg
D:11:     minmay_box_of_curves, layout_long_grid, orc_0_dummy,
          gammafunk_ghost_nasty_kobolds, nicolae_trove_entry_path_of_doom,
          minivault_27, minmay_hedge_maze
Temple:   nicolae_temple_figure_eight

Skill      XL: |  1  2  3  4  5  6  7  8  9 10 11 |
---------------+----------------------------------+-----
Maces & Flails | 3 4 5 6 7 8 9 |  9.1
Fighting       | 3 4 5 7 8 10 11 | 11.5
Dodging        | 5 6 |  6.2
Armour         | 5 6 7 |  7.4
Necromancy     | 4 |  4.3
Throwing       | 4 6 |  6.3

Action                     |  1- 3 |  4- 6 |  7- 9 | 10-12 || total
---------------------------+-------+-------+-------+-------++-------
  Melee: Flail             |   100 |   223 |   280 |       ||   603
         Morningstar       |       |       |    42 |   292 ||   334
         Great mace        |       |       |       |    25 ||    25
  Throw: Throwing net      |       |     3 |     4 |     1 ||     8
         Javelin           |       |     2 |       |       ||     2
         Dart              |       |     6 |    23 |    31 ||    60
   Cast: Necrotise         |       |       |       |    41 ||    41
 Invoke: Duel              |       |       |       |     1 ||     1
         Receive Weapon    |       |       |       |     1 ||     1
         Receive Armour    |       |       |       |     1 ||     1
  Evoke: Wand              |       |       |     3 |       ||     3
    Use: Scroll            |     1 |     6 |     6 |     5 ||    18
         Potion            |       |     3 |     4 |     2 ||     9
   Stab: Held in net/web   |       |     1 |       |       ||     1
         Sleeping          |       |     1 |       |     1 ||     2
         Paralysed         |       |       |       |    36 ||    36
         Distracted        |       |       |       |     1 ||     1
 Armour: Leather armour    |    66 |   165 |   179 |    12 ||   422
         Skin              |       |       |    15 |       ||    15
         Steam dragon scal |       |       |       |   239 ||   239
         Crystal plate arm |       |       |       |    57 ||    57
         Ring mail         |       |       |       |    36 ||    36
  Dodge: Dodged            |    91 |   182 |   232 |   346 ||   851

Table legend: (Time is in decaauts)
 A = Elapsed time spent in this place.
 B = Non-inter-level travel time spent in this place.
 C = Inter-level travel time spent in this place.
 D = Time resting spent in this place.
 E = Time spent auto-exploring this place.
 F = Levels seen in this place.
 G = Mean time per level.
                   A        B        C        D        E       F      G
               +--------+--------+--------+--------+--------+-----+--------+
         Total |  14261 |  13874 |    387 |   4390 |   6990 |  14 | 1018.6 |
       Dungeon |  13515 |  13153 |    362 |   4220 |   6606 |  11 | 1228.6 |
        Temple |     26 |      2 |     24 |      0 |      0 |   1 |   26.0 |
         Sewer |    689 |    689 |      0 |    153 |    383 |   1 |  689.0 |
         Arena |     29 |     29 |      0 |     17 |      0 |   1 |   29.0 |
               +--------+--------+--------+--------+--------+-----+--------+

Top non-repeatable levels by time:
     D:7: 1689 daAuts
     D:2: 1650 daAuts
     D:9: 1429 daAuts
    D:10: 1374 daAuts
     D:5: 1373 daAuts
     D:1: 1366 daAuts
     D:8: 1342 daAuts
     D:6: 1219 daAuts
     D:3: 866 daAuts
   Sewer: 689 daAuts
     D:4: 643 daAuts
    D:11: 560 daAuts
   Arena: 29 daAuts
  Temple: 26 daAuts
